 Dungeon Crawl Stone Soup version 0.29-a0-25-g7f48f510a0 (webtiles) character file.

Game seed: 16760404268230128447

86 ddubois the Ruffian (level 4, -2/37 HPs)
             Began as a Palentonga Transmuter on Jan 31, 2022.
             Slain by Grinder (5 damage)
             ... while paralysed by Grinder
             ... on level 3 of the Dungeon.
             The game lasted 00:03:59 (2213 turns).

ddubois the Ruffian (Palentonga Transmuter)         Turns: 2213, Time: 00:03:59

Health: -2/37      AC:  7    Str: 16    XL:     4   Next: 27%
Magic:  7/7        EV:  1    Int: 13    God:
Gold:   107        SH:  0    Dex: 10    Spells: 6/7 levels left

rFire   . . .      SeeInvis +     - Unarmed
rCold   . . .      Faith    .   (no shield)
rNeg    . . .      Spirit   .   p - +0 scale mail
rPois   .          Reflect  .   h - +0 helmet
rElec   .          Harm     .   (no cloak)
rCorr   .          Rampage  .   (no gloves)
Will    .....                   (no barding)
Stlth   ..........              (no amulet)
HPRegen 0.12/turn               (no ring)
MPRegen 0.10/turn               (no ring)

@: paralysed
A: large, rugged brown scales 3, see invisible, deformed body, roll 1, armoured
tail
a: Rolling Charge


You were on level 3 of the Dungeon.
You visited 1 branch of the dungeon, and saw 3 of its levels.

You collected 107 gold pieces.

Inventory:

Hand Weapons
 m - a +0 hunting sling
Missiles
 b - 98 stones
 e - 6 javelins
 f - 38 sling bullets
Armour
 a - a +0 robe
 h - a +0 helmet (worn)
 p - a +0 scale mail (worn)
Scrolls
 c - a scroll of brand weapon {unknown}
 d - a scroll of magic mapping {unknown}
 j - a scroll of fear {unknown}
 l - 2 scrolls of immolation {unknown}
 o - a scroll of fog {unknown}
 q - a scroll of teleportation {unknown}
Potions
 g - 2 potions of lignification {unknown}
 i - a potion of invisibility {unknown}
 k - 2 potions of haste {unknown}
 n - a potion of attraction {unknown}


   Skills:
 + Level 3.0 Fighting
 + Level 2.9 Dodging
 - Level 3.0 Unarmed Combat
 - Level 2.0 Spellcasting
 - Level 2.0 Transmutations


You had 6 spell levels left.
You knew the following spells:

 Your Spells              Type           Power      Damage    Failure   Level
a - Beastly Appendage     Tmut           12%        N/A       38%         1

Your spell library contained the following spells:

 Spells                   Type           Power      Damage    Failure   Level
 Wereblood                Tmut           6%         N/A       54%         2
 Spider Form              Tmut/Pois      3%         N/A       88%         3
 Ice Form                 Ice/Tmut       3%         N/A       99%         4


Dungeon Overview and Level Annotations

Branches:
Dungeon (3/15)

Altars:
Trog

Annotations:
D:3 Grinder


Innate Abilities, Weirdness & Mutations

You are completely covered in rugged brown scales. (AC +3, +7% HP)
You have supernaturally acute eyesight. (SInv)
Armour fits poorly on your strangely shaped body.
You can roll at nearby foes to attack.
You have a long armoured tail.


Message History

The goblin is moderately wounded.
The goblin barely misses you.
You barely miss the goblin. You tail-slap the goblin.
You kill the goblin!
Your Fighting skill increases to level 3!
No target in view!
No target in view!
A frilled lizard comes into view.
A frilled lizard is nearby!
A frilled lizard is nearby!
A frilled lizard is nearby!
Items here: ! $ ) ? †.
Roll where?
Press: ? - help, Dir - move target, f - frilled lizard
Aim: a frilled lizard You roll forward with a clatter of scales!
You hit the frilled lizard.
You kill the frilled lizard!
Grinder is nearby!
Grinder shouts!
Grinder blinks!
Roll where?
Press: ? - help, Dir - move target, f - Grinder
Aim: Grinder You roll forward with a clatter of scales!
You closely miss Grinder.
Your tail-slap misses Grinder.
Grinder gestures at you.
You suddenly lose the ability to move!
Grinder hits you! Grinder hits you.
You writhe in agony.
Grinder hits you!
* * * LOW HITPOINT WARNING * * *
You writhe in agony.
* * * LOW HITPOINT WARNING * * *
Grinder gestures at you.
You shrug off the repeated paralysis!
Grinder hits you.
* * * LOW HITPOINT WARNING * * *
You writhe in agony.
You die...

## .# .# .### ...
# ###+#'###.##
#........... #.
#........... #.#
##..@..###### #.#
##..†5..### # #.#
##.......).# #.#.#
#..........#
#.#.###..#####.###
#.#......### .# ##
#..........# .. .
#...####.### ...
#####>...# ..## .'


You could see Grinder.

Vanquished Creatures
  3 adders (D:2)
  4 dart slugs
  6 ball pythons
  4 bats
  3 endoplasms
  A giant cockroach (D:1)
  6 goblins
  5 hobgoblins
  4 quokkas
  3 frilled lizards
  6 kobolds
  7 rats
52 creatures vanquished.

Notes
Turn   | Place    | Note
-------+----------+-------------------------------------------
     0 | D:1      | ddubois the Palentonga Transmuter began the quest for the
                  | Orb.
     0 | D:1      | Reached XP level 1. HP: 16/16 MP: 3/3
   336 | D:1      | Reached XP level 2. HP: 17/22 MP: 5/5
   467 | D:1      | Found a faded altar of an unknown god.
   781 | D:1      | Reached XP level 3. HP: 21/28 MP: 6/6
  1260 | D:2      | Found a bloodstained altar of Trog.
  1709 | D:2      | Reached XP level 4. HP: 35/36 MP: 7/7
  1831 | D:3      | Noticed Grinder
  1832 | D:3      | Paralysed by Grinder for 5 turns
  2208 | D:3      | Paralysed by Grinder for 7 turns
  2213 | D:3      | Slain by Grinder

Illustrated notes

Levels and vault maps discovered:
D:1:      dpeg_cavernosity, layout_loops_ring,
          hellmonk_ecumenical_altar_arch_garden
D:2:      layout_basic, basic_altar, serial_glass, glass_columns_b,
          glass_columns_a, kennysheep_generic_room_15
D:3:      layout_basic, hangedman_decor_growths, uniq_grinder

Skill      XL: |  1  2  3  4 |
---------------+-------------+-----
Dodging        | 2 |  2.9
Fighting       | 2 3 |  3.0
Unarmed Combat | |  3.0
Spellcasting   | |  2.0
Transmutations | |  2.0

Action                   |  1- 3 |  4- 6 || total
-------------------------+-------+-------++-------
Melee: Unarmed           |   110 |    30 ||   140
       Tailslap          |    11 |     4 ||    15
       Punch             |     4 |       ||     4
 Abil: Rolling Charge    |    28 |     9 ||    37
  Use: Potion            |     2 |       ||     2
Armor: Robe              |    26 |     8 ||    34
       Scale mail        |       |     6 ||     6
Dodge: Dodged            |    48 |    12 ||    60

Table legend: (Time is in decaauts)
 A = Elapsed time spent in this place.
 B = Non-inter-level travel time spent in this place.
 C = Inter-level travel time spent in this place.
 D = Time resting spent in this place.
 E = Time spent auto-exploring this place.
 F = Levels seen in this place.
 G = Mean time per level.
                   A        B        C        D        E       F      G
               +--------+--------+--------+--------+--------+-----+--------+
         Total |   2209 |   2074 |    135 |      0 |   1761 |   3 |  736.3 |
       Dungeon |   2209 |   2074 |    135 |      0 |   1761 |   3 |  736.3 |
               +--------+--------+--------+--------+--------+-----+--------+

Top non-repeatable levels by time:
     D:1: 1278 daAuts
     D:2: 595 daAuts
     D:3: 336 daAuts
